 Dungeon Crawl Stone Soup version 0.28.0-53-g5a82cb258f (webtiles) character file.

Game seed: 16144613293165165343

1267 DemonSlayer the Firebug (level 8, 0/81 (84) HPs)
             Began as a Demonspawn Fire Elementalist on July 13, 2022.
             Was a Believer of Cheibriados.
             Slain by a wight
             ... wielding a +1 halberd
              (12 damage)
             ... on level 6 of the Dungeon.
             The game lasted 00:19:04 (7138 turns).

DemonSlayer the Firebug (DsFE)                      Turns: 7138, Time: 00:19:05

HP:   0/81 (84)     AC: 24    Str: 17    XL:     8   Next: 28%
MP:   5/14          EV:  2    Int: 18    God:    Cheibriados [**....]
Gold: 111           SH:  0    Dex: 18    Spells: 6/16 levels left

rFire   + . .      SeeInvis .   h - +10 spear of Severance {venom, rC+++ Str+4 Int-4}
rCold   + + +      Faith    .   (no shield)
rNeg    . . .      Spirit   .   (armour currently unavailable)
rPois   +          Reflect  .   (helmet currently unavailable)
rElec   +          Harm     .   (cloak currently unavailable)
rCorr   +          Rampage  .   (gloves currently unavailable)
Will    .....      NoTele   +   (boots currently unavailable)
Stlth   +++.......              (no amulet)
HPRegen 0.23/turn               c - +4 ring of slaying
MPRegen 0.14/turn               C - ring of poison resistance

@: tree-form, resistant, weak-willed, attractive, lightly drained, very slow
A: stationary, stasis, torment immunity, boosted hp, (claws 1), repulsion field
2, demonic guardian 1, demonic magic 1, (hooves 1), (poison resistance), wild
magic 1
a: Renounce Religion, Bend Time


You were on level 6 of the Dungeon.
You worshipped Cheibriados.
Cheibriados was pleased with you.
You were a tree.
You visited 1 branch of the dungeon, and saw 6 of its levels.

You collected 271 gold pieces.
You spent 160 gold pieces at shops.

Inventory:

Hand Weapons
 h - the +10 spear of Severance (weapon) {venom, rC+++ Str+4 Int-4}
   (You found it on level 3 of the Dungeon)

   It poisons the flesh of those it strikes.
   Str:       It affects your strength (+4).
   Int:       It affects your intelligence (-4).
   rC:        It renders you almost immune to cold.
 x - a +4 dagger of venom
Missiles
 A - 5 atropa-tipped darts
 B - 2 throwing nets
 E - 47 sling bullets
Armour
 a - a +0 robe (melded)
 b - a +1 helmet (melded)
 q - a +0 pair of gloves (melded)
 F - a +0 pair of boots (melded)
 G - a +0 cloak of preservation (melded)
Jewellery
 c - a +4 ring of slaying (left branch)
 s - a ring of protection from cold
 C - a ring of poison resistance (right branch)
Wands
 f - a wand of flame (22)
 w - a wand of iceblast (6)
Scrolls
 d - a scroll of noise {unknown}
 j - a scroll of fear {unknown}
 k - a scroll of brand weapon {unknown}
 l - a scroll of vulnerability
 m - a scroll of amnesia
 n - a scroll of identify {unknown}
 p - a scroll of blinking {unknown}
 r - a scroll of acquirement {unknown}
 D - 2 scrolls of immolation
Potions
 e - a potion of resistance
 g - a potion of mutation
 i - 2 potions of curing
 t - a potion of lignification
 v - a potion of haste {unknown}
 z - a potion of might


   Skills:
 + Level 2.2 Fighting
 + Level 1.3 Short Blades
 + Level 3.2 Polearms
 + Level 3.3 Dodging
 + Level 4.1 Stealth
 + Level 4.6 Spellcasting
 + Level 1.3 Conjurations
 + Level 5.4 Fire Magic


You had 6 spell levels left.
You knew the following spells:

 Your Spells              Type           Power      Damage    Failure   Level
a - Foxfire               Conj/Fire      84%        2x1d8     5%          1
b - Scorch                Fire           62%        2d8       4%          2
c - Conjure Flame         Conj/Fire      21%        6-21      14%         3
d - Flame Wave            Conj/Fire      21%        2d7       41%         4

Your spell library contained the following spells:

 Spells                   Type           Power      Damage    Failure   Level
 Inner Flame              Hex/Fire       18%        N/A       21%         3
 Irradiate                Conj/Tmut      4%         3d15      98%         5
 Blade Hands              Tmut           2%         N/A       99%         5
 Dragon Form              Tmut           2%         N/A       100%        7


Dungeon Overview and Level Annotations

Branches:
Dungeon (6/15)             Temple (0/1) D:4

Altars:
Cheibriados
Kikubaaqudgha
Nemelex Xobeh
Okawaru
Vehumet

Shops:
D:2 [

Annotations:
D:5 2 transporters, turdburglar's ghost, novice MfGl


Innate Abilities, Weirdness & Mutations

You are a tree.
Your roots penetrate the ground, keeping you stationary.
You cannot be teleported.
You are immune to unholy pain and torment.
Your maximum health is greatly increased.
Your equipment is partially melded.
((You have sharp fingernails.))
You are surrounded by a moderate repulsion field. (EV +3)
A weak demonic guardian rushes to your aid.
Spells you cast may paralyse adjacent enemies.
((You have large cloven feet.))
((Your system is resistant to poisons. (rPois)))
Your spells are a little harder to cast, but a little more powerful.


Message History

It was a potion of curing.
You feel better. The orc barely misses you. The wight misses you.
It was a potion of resistance.
You feel protected. The orc hits you with a +0 mace.
The wight hits you from afar with a +1 halberd.
* * * LOW HITPOINT WARNING * * *
The wight misses you.
It was a potion of mutation.
You feel extremely strange.
You feel less in control of your magic.
Your feet thicken and deform.
You feel resistant to poisons. The orc barely misses you.
The wight barely misses you. The gnoll barely misses you.
It was a potion of lignification.
You turn into a tree.
Your +0 cloak of preservation melds into your body.
Your +1 helmet melds into your body.
Your +0 pair of gloves melds into your body.
Your +0 pair of boots melds into your body.
Your +0 robe melds into your body.
Your roots penetrate the ground.
The gnoll hits you with a +0 flail!
* * * LOW HITPOINT WARNING * * *
A demonic guardian appears!
The wight hits you but does no damage. The orc hits you but does no damage.
The wight hits you but does no damage. The gnoll hits you but does no damage.
It was a potion of flight.
Your roots keep you in place.
The gnoll completely misses you. The wight hits you but does no damage.
The orc hits you but does no damage.
The wight hits you from afar with a +1 halberd.
* * * LOW HITPOINT WARNING * * *
The gnoll hits you with a +0 flail.
* * * LOW HITPOINT WARNING * * *
Your white imp gestures at the orc.
The puff of frost hits the orc!
The orc dies!
Cheibriados appreciates the change of pace.
It was a potion of attraction.
You feel attractive to monsters. The gnoll hits you but does no damage.
The wight hits you from afar with a +1 halberd!
You die...

#. #...#
##8# #
#...##8...
#.).##....
#...#_....
#...##....
#...##8...
#zz§# ##8#
#.§z### ##
#.O§♣§#
#.5gg§#
#######


You could see an ogre (weak-willed), 2 wights, 2 gnolls and a friendly white imp
(summoned).

Vanquished Creatures
  2 ice beasts
  A necrophage (D:4)
  An ogre (D:6)
  A bullfrog (D:6)
  5 scorpions
  A wight (D:5)
  An orc priest (D:5)
  A hound (D:5)
  Jessica (D:2)
  3 iguanas (D:6)
  2 orc wizards
  A howler monkey zombie (D:5)
  11 gnolls
  5 adders
  An ufetubus (D:5)
  4 worms
  2 dart slugs
  15 orcs
  6 ball pythons
  5 bats
  2 endoplasms (D:1)
  5 giant cockroaches
  10 goblins
  6 hobgoblins (D:1)
  5 jackals
  4 quokkas
  10 kobolds
  8 rats
119 creatures vanquished.

Vanquished Creatures (collateral kills)
  An orc (D:6)
1 creature vanquished.

Vanquished Creatures (others)
  An adder (D:2)
  72 foxfires
73 creatures vanquished.

Grand Total: 193 creatures vanquished

Notes
Turn   | Place    | Note
-------+----------+-------------------------------------------
     0 | D:1      | DemonSlayer the Demonspawn Fire Elementalist began the
                  | quest for the Orb.
     0 | D:1      | Reached XP level 1. HP: 13/13 MP: 3/3
     2 | D:1      | Noticed a gargoyle
     2 | D:1      | Noticed an elf
     4 | D:1      | Noticed a dwarf
     4 | D:1      | Noticed a troll
     6 | D:1      | Noticed a vine stalker
     8 | D:1      | Noticed a felid
    10 | D:1      | Noticed an ogre
    12 | D:1      | Noticed a naga
    14 | D:1      | Noticed a draconian
    14 | D:1      | Noticed an octopode
    16 | D:1      | Noticed a formicid
    16 | D:1      | Noticed a demonspawn
    18 | D:1      | Noticed a merfolk
    18 | D:1      | Noticed a human
    20 | D:1      | Noticed a vampire
    20 | D:1      | Noticed a minotaur
    22 | D:1      | Noticed a demigod
    22 | D:1      | Noticed a spriggan
    24 | D:1      | Noticed a ghoul
    26 | D:1      | Noticed a tengu
   359 | D:1      | Reached skill level 3 in Fire Magic
   359 | D:1      | Gained mutation: You are surrounded by a mild repulsion
                  | field. (EV +2) [demonic ancestry]
   359 | D:1      | Reached XP level 2. HP: 16/19 MP: 1/5
   506 | D:1      | You fall into a shaft and drop 1 floor!
   523 | D:2      | Found a radiant altar of Vehumet.
   916 | D:1      | Gained mutation: You are surrounded by a moderate repulsion
                  | field. (EV +3) [demonic ancestry]
   916 | D:1      | Reached XP level 3. HP: 24/24 MP: 6/6
   981 | D:1      | Learned a level 2 spell: Scorch
  1808 | D:1      | Learned a level 3 spell: Conjure Flame
  1926 | D:2      | Found Serezoig's Armour Shop.
  1974 | D:2      | Found a faded altar of an unknown god.
  2064 | D:2      | Noticed Jessica
  2076 | D:2      | Killed Jessica
  2077 | D:2      | Reached XP level 4. HP: 13/31 MP: 4/7
  3093 | D:3      | Found an iron altar of Okawaru.
  3106 | D:3      | Identified the +1 hand axe of Analysis {vamp, Int+4 Dex+3
                  | Stlth-}
  3112 | D:3      | Identified the +10 spear of Severance {venom, rC+++ Str+4
                  | Int-4}
  3182 | D:3      | Reached skill level 1 in Short Blades
  3182 | D:3      | Gained mutation: You have sharp fingernails. [demonic
                  | ancestry]
  3182 | D:3      | Reached XP level 5. HP: 36/36 MP: 4/9
  3302 | D:3      | Found a snail-covered altar of Cheibriados.
  3314 | D:3      | Became a worshipper of Cheibriados the Contemplative
  4838 | D:4      | Reached * piety under Cheibriados
  5141 | D:4      | Found a staircase to the Ecumenical Temple.
  5212 | D:4      | Noticed a necrophage
  5217 | D:4      | Killed a necrophage
  5218 | D:4      | Reached skill level 1 in Fighting
  5218 | D:4      | Reached skill level 1 in Polearms
  5218 | D:4      | Reached skill level 4 in Fire Magic
  5218 | D:4      | Gained mutation: A weak demonic guardian rushes to your
                  | aid. [demonic ancestry]
  5218 | D:4      | Reached XP level 6. HP: 34/43 MP: 3/11
  5359 | D:4      | Learned a level 4 spell: Flame Wave
  5365 | D:5      | Entered Level 5 of the Dungeon
  5500 | D:5      | Found an ancient bone altar of Kikubaaqudgha.
  5589 | D:5      | Found a transporter.
  5700 | D:5      | Found a transporter.
  5703 | D:5      | Noticed turdburglar's ghost (novice MfGl)
  5953 | D:5      | Reached XP level 7. HP: 48/48 MP: 3/12
  6610 | D:2      | Bought a +0 pair of boots for 45 gold pieces
  6610 | D:2      | Bought a +0 cloak of preservation for 115 gold pieces
  6707 | D:5      | Reached ** piety under Cheibriados
  6708 | D:5      | Reached skill level 5 in Fire Magic
  7087 | D:6      | Gained mutation: Spells you cast may paralyse adjacent
                  | enemies. [demonic ancestry]
  7087 | D:6      | Reached XP level 8. HP: 47/56 MP: 14/14
  7116 | D:6      | Found a sparkling altar of Nemelex Xobeh.
  7135 | D:6      | Gained mutation: Your spells are a little harder to cast,
                  | but a little more powerful. [potion of mutation]
  7135 | D:6      | Gained mutation: You have large cloven feet. [potion of
                  | mutation]
  7135 | D:6      | Gained mutation: Your system is resistant to poisons.
                  | (rPois) [potion of mutation]
  7138 | D:6      | Slain by a wight

Illustrated notes

Levels and vault maps discovered:
D:1:      kb_arrival_jail, layout_basic
D:2:      minmay_evil_eye, layout_basic, basic_altar, serial_shops, shop,
          hellmonk_ecumenical_altar_blasted, item_on_display_a, uniq_jessica
D:3:      layout_basic, okawaru_ov_weapons_minmay, slow_altar_1
D:4:      minmay_recursive_quarters, layout_loops_corners,
          minmay_temple_entry_gardened_gates
D:5:      layout_loops_cross, mainiacjoe_overflow_alcove_1,
          gammafunk_ghost_mausoleum
D:6:      layout_basic, mainiacjoe_overflow_alcove_4,
          nicolae_overflow_hidden_temple

Skill      XL: |  1  2  3  4  5  6  7  8 |
---------------+-------------------------+-----
Dodging        | 2 3 |  3.3
Fire Magic     | 3 4 5 |  5.4
Stealth        | 2 3 4 |  4.1
Short Blades   | 1 |  1.3
Spellcasting   | 3 4 |  4.6
Fighting       | 1 2 |  2.2
Polearms       | 1 2 3 |  3.2
Conjurations   | |  1.3

Action                   |  1- 3 |  4- 6 |  7- 9 || total
-------------------------+-------+-------+-------++-------
Melee: Dagger            |   114 |    48 |       ||   162
       Unarmed           |     7 |       |       ||     7
       Punch             |     1 |       |       ||     1
       Spear             |       |    60 |    34 ||    94
 Cast: Foxfire           |    37 |     5 |     3 ||    45
       Scorch            |       |    37 |    12 ||    49
  Use: Potion            |       |       |     6 ||     6
       Scroll            |       |       |     3 ||     3
 Stab: Sleeping          |     3 |     7 |     1 ||    11
       Distracted        |       |     1 |       ||     1
       Paralysed         |       |       |     3 ||     3
Armor: Robe              |    34 |    22 |     3 ||    59
       Skin              |       |       |     7 ||     7
Dodge: Dodged            |   117 |    56 |    47 ||   220
